 Seeded DCSS version 0.31-a0-609-g7bf6ffcfed (webtiles) character file.

Game seed: 3612390645625327883 (custom seed)

25 innerfire43 the Ruffian (level 3, -1/28 HPs)
             Began as a Gnoll Shapeshifter on Aug 21, 2023.
             Killed from afar by a dart slug (3 damage)
             ... with a slug dart
             ... on level 2 of the Dungeon.
             The game lasted 00:00:34 (765 turns).

innerfire43 the Ruffian (Gnoll Shapeshifter)         Turns: 765, Time: 00:00:34

Health: -1/28      AC:  2    Str: 16    XL:     3   Next: 6%
Magic:  3/3        EV: 13    Int:  7    God:
Gold:   31         SH:  0    Dex: 12    Spells: 3/3 levels left

rFire   . .          .
                       - Unarmed
rCold   . . .        (shield currently unavailable)
rNeg    . . .        a - +0 animal skin
rPois   .            (no helmet)
rElec   .            (no cloak)
rCorr   .            (no gloves)
SInv    .            (no boots)
Will    .....        (no amulet)
Stlth   +            (no ring)
HPRegen 0.24/turn    (no ring)
MPRegen 0.08/turn

%: no passive effects
@: lethally poisoned (-1 -> -4), flux-form, glowing
A: glow, contaminating, fangs 1, strong nose, distributed training
a: Begin Untransformation


You were on level 2 of the Dungeon.
You were something dangerously unstable.
You visited 1 branch of the dungeon, and saw 2 of its levels.

You collected 31 gold pieces.

Inventory:

Armour
 a - a +0 animal skin (worn)
Talismans
 c - a beast talisman
 d - a flux talisman (active)
Scrolls
 g - a scroll of identify {unknown}
Potions
 b - a potion of lignification
 e - a potion of berserk rage {unknown}
 f - 2 potions of enlightenment {unknown}


   Skills:
 + Level 2.5 Fighting
 + Level 0.6 Short Blades
 + Level 0.6 Long Blades
 + Level 0.6 Axes
 + Level 0.6 Maces & Flails
 + Level 0.6 Polearms
 + Level 0.6 Staves
 + Level 0.6 Ranged Weapons
 + Level 0.6 Throwing
 + Level 0.6 Armour
 + Level 4.5 Dodging
 + Level 0.6 Stealth
 + Level 0.6 Shields
 + Level 6.5 Unarmed Combat
 + Level 0.6 Spellcasting
 + Level 0.4 Conjurations
 + Level 0.4 Hexes
 + Level 0.4 Summonings
 + Level 0.4 Necromancy
 + Level 0.4 Translocations
 + Level 0.4 Transmutations
 + Level 0.4 Fire Magic
 + Level 0.4 Ice Magic
 + Level 0.4 Air Magic
 + Level 0.4 Earth Magic
 + Level 0.4 Poison Magic
 + Level 0.8 Invocations
 + Level 0.6 Evocations
 + Level 6.5 Shapeshifting


You had 3 spell levels left.
You didn't know any spells.
Your spell library was empty.

Dungeon Overview and Level Annotations

Branches:
Dungeon (2/15)

Altars:


Innate Abilities, Weirdness & Mutations

You are something dangerously unstable.
You glow with magical radiation, making you easy to see and hit.
Foes you strike become dangerously contaminated with magical radiation.
You are incapable of wielding weapons or throwing items.
You have very sharp teeth.
Your uncanny sense of smell can sniff out nearby items.
Your experience applies equally to all skills.


Message History

There are monsters nearby!
You miss the adder. Your bite misses the adder. The adder bites you.
You are more poisoned.
The adder poisons you! The dart slug launches a dart at you.
The slug dart hits you. The adder bites you.
There are monsters nearby!
You are too injured to fight recklessly!
There are monsters nearby!
You are too injured to fight recklessly!
There are monsters nearby!
You are too injured to fight recklessly!
Unknown command.
You hit the adder but do no damage.
The adder begins to glow.
You feel sick. The adder barely misses you.
The dart slug launches a dart at you. The slug dart hits you.
* * * LOW HITPOINT WARNING * * *
You hit the adder.
The adder glows dangerously bright.
The adder is heavily wounded.
* * * LOW HITPOINT WARNING * * *
You feel sick. The adder barely misses you.
You hit the adder but do no damage.
The adder shudders as magic cascades through it.
The adder twists and deforms.
The adder is severely wounded.
* * * LOW HITPOINT WARNING * * *
You feel sick. The adder barely misses you.
Unknown command.
You hit the adder.
The adder begins to glow.
The adder is severely wounded.
* * * LOW HITPOINT WARNING * * *
You feel sick. The adder closely misses you.
You hit the adder.
You kill the adder!
* * * LOW HITPOINT WARNING * * *
You feel sick. The dart slug launches a dart at you. The slug dart hits you.
You die...

.#. .... #.##... ##.....
# #..# . #..#.. . . #..#
# .. #..<. .## .#..# #
.. #..w##..##.#..### #
..#.##......... ..... .
.......B.....# #..### #
.........###.####..#.###
.######.........>...#.##
.........###...<...###.#
#######..# #######..#...
#..# #...### #..# #..##
#####..# #..####
#......# #.)....


You could see a dart slug.

Vanquished Creatures
  2 adders (D:2)
  3 endoplasms (D:1)
  2 kobolds
  A ball python (D:1)
  2 bats (D:1)
  8 frilled lizards (D:1)
  2 rats (D:1)
20 creatures vanquished.

Notes
Turn   | Place    | Note
-------+----------+-------------------------------------------
     0 | D:1      | innerfire43 the Gnoll Shapeshifter began the quest for the
                  | Orb.
     0 | D:1      | Reached XP level 1. HP: 17/17 MP: 1/1
   284 | D:1      | Found a faded altar of an unknown god.
   342 | D:1      | Reached XP level 2. HP: 19/23 MP: 2/2
   718 | D:2      | Reached XP level 3. HP: 28/28 MP: 3/3
   765 | D:2      | Killed from afar by a dart slug

Illustrated notes

Levels and vault maps discovered:
D:1:      dpeg_arrival_water_temple_mockup, layout_loops_ring,
          chequers_ecumenical_altar_simple_redux,
          hangedman_abyss_or_decor_stabs, chequers_serial_rivers_small_a,
          minmay_lizard_pond
D:2:      layout_loops_ring, minmay_3d_cube, uniq_robin

Action                     || total
---------------------------++-------
  Melee: Unarmed           ||    49
         Bite              ||     2
 Armour: Animal skin       ||    10
  Dodge: Dodged            ||    27
   Form: Flux              ||     1

Table legend: (Time is in decaauts)
 A = Elapsed time spent in this place.
 B = Non-inter-level travel time spent in this place.
 C = Inter-level travel time spent in this place.
 D = Time resting spent in this place.
 E = Time spent auto-exploring this place.
 F = Levels seen in this place.
 G = Mean time per level.
                   A        B        C        D        E       F      G
               +--------+--------+--------+--------+--------+-----+--------+
         Total |    760 |    747 |     13 |      0 |    641 |   2 |  380.0 |
       Dungeon |    760 |    747 |     13 |      0 |    641 |   2 |  380.0 |
               +--------+--------+--------+--------+--------+-----+--------+

Top non-repeatable levels by time:
     D:1: 695 daAuts
     D:2: 65 daAuts
